 Dungeon Crawl Stone Soup version 0.24.0-37-gcf1ca852f1 (webtiles) character file.

Game seed: 6611244133866880566, levelgen mode: deterministic

2706 FishyPogo the Magician (level 9, -10/66 HPs)
             Began as a Gnoll Fire Elementalist on Dec 1, 2019.
             Was a Priest of Okawaru.
             Mangled by a skeletal warrior
             ... wielding a +0 scimitar
              (17 damage)
             ... on level 7 of the Dungeon.
             The game lasted 00:33:07 (6255 turns).

FishyPogo the Magician (Gnoll Fire Elementalist)    Turns: 6255, Time: 00:33:08

Health: -10/66     AC:  4    Str: 10    XL:     9   Next: 65%
Magic:  11/19      EV: 17    Int: 19    God:    Okawaru [***...]
Gold:   379        SH:  5    Dex: 18    Spells: 5/21 levels left

rFire    + . .     SeeInvis .   b - +0 whip (holy)
rCold    . . .     Gourm    .   m - +0 buckler
rNeg     . . .     Faith    .   g - +0 robe (curse)
rPois    .         Spirit   .   y - +0 helmet
rElec    .         Reflect  .   (no cloak)
rCorr    .         Harm     .   B - +0 pair of gloves
MR       .....                  (no boots)
Stlth    +++.......             (no amulet)
HPRegen  0.21/turn              x - ring of protection from fire
MPRegen  0.16/turn              I - ring of wizardry

@: no status effects
A: distributed training, fangs 1, strong nose
a: Heroism, Renounce Religion


You were on level 7 of the Dungeon.
You worshipped Okawaru.
Okawaru was most pleased with you.
You were not hungry.

You visited 2 branches of the dungeon, and saw 8 of its levels.

You collected 498 gold pieces.
You spent 119 gold pieces at shops.

Inventory:

Hand Weapons
 a - a +0 rapier of electrocution
 b - a +0 whip of holy wrath (weapon)
Missiles
 e - 154 stones
 q - 57 poisoned darts (quivered)
 s - 14 boomerangs
 w - a throwing net
 D - 2 javelins
 G - 3 curare-tipped darts
 H - 3 atropa-tipped darts
Armour
 g - a cursed +0 robe (worn)
 m - a +0 buckler (worn)
 y - a +0 helmet (worn)
 B - a +0 pair of gloves (worn)
Jewellery
 f - an uncursed ring of fire
 x - a ring of protection from fire (left hand)
 I - a ring of wizardry (right hand)
Wands
 j - a wand of enslavement (10)
Scrolls
 h - 9 scrolls of remove curse
 i - 2 scrolls of enchant weapon {unknown}
 k - a scroll of noise {unknown}
 o - 2 scrolls of magic mapping
 p - 9 scrolls of identify
 t - a scroll of amnesia
 v - a scroll of blinking {unknown}
 E - a scroll of fog {unknown}
Potions
 d - a potion of haste {unknown}
 l - 3 potions of agility {unknown}
 n - 2 potions of ambrosia {unknown}
 r - 2 potions of berserk rage {unknown}
 u - 3 potions of curing
 z - a potion of resistance {unknown}
 A - a potion of flight {unknown}
 C - a potion of lignification {unknown}
Comestibles
 c - 13 rations


   Skills:
 + Level 4.3 Fighting
 + Level 4.3 Short Blades
 + Level 4.3 Long Blades
 + Level 4.3 Axes
 + Level 4.3 Maces & Flails
 + Level 4.3 Polearms
 + Level 4.3 Staves
 + Level 4.3 Slings
 + Level 4.3 Bows
 + Level 4.3 Crossbows
 + Level 4.3 Throwing
 + Level 4.3 Armour
 + Level 6.4 Dodging
 + Level 6.1 Stealth
 + Level 4.3 Shields
 + Level 4.3 Unarmed Combat
 + Level 6.7 Spellcasting
 + Level 4.2 Conjurations
 + Level 3.6 Hexes
 + Level 3.6 Charms
 + Level 3.6 Summonings
 + Level 3.6 Necromancy
 + Level 3.6 Translocations
 + Level 3.6 Transmutations
 + Level 6.6 Fire Magic
 + Level 3.6 Ice Magic
 + Level 3.6 Air Magic
 + Level 3.6 Earth Magic
 + Level 3.6 Poison Magic
 + Level 4.8 Invocations
 + Level 4.3 Evocations


You had 5 spell levels left.
You knew the following spells:

 Your Spells              Type           Power        Failure   Level  Hunger
a - Flame Tongue          Conj/Fire      ####.        1%          1    None
b - Throw Flame           Conj/Fire      ####..       1%          2    None
c - Sticky Flame          Conj/Fire      ####....     4%          4    ####...
h - Regeneration          Chrm/Necr      ###.......   2%          3    ##.....
j - Conjure Flame         Conj/Fire      ####....     1%          3    ##.....
x - Inner Flame           Hex/Fire       ####....     1%          3    ##.....

Your spell library contained the following spells:

 Spells                   Type           Power        Failure   Level  Hunger
 Animate Skeleton         Necr           N/A          1%          1    None
 Beastly Appendage        Tmut           ###...       1%          1    None
 Pain                     Necr           ###.         1%          1    None
 Sticks to Snakes         Tmut           ###.....     1%          2    None
 Spider Form              Tmut/Pois      ###.......   2%          3    ##.....
 Vampiric Draining        Necr           ###.......   2%          3    ##.....
 Animate Dead             Necr           N/A          10%         4    ####...
 Ice Form                 Ice/Tmut       ###.....     10%         4    ####...
 Fireball                 Conj/Fire      ####......   12%         5    #####..
 Blade Hands              Tmut           ###.......   26%         5    #####..


Dungeon Overview and Level Annotations

Branches:
Dungeon (7/15)             Temple (1/1) D:5

Altars:
Ashenzari
Dithmenos
Elyvilon
Fedhas
Hepliaklqana
Kikubaaqudgha
Nemelex Xobeh
Okawaru
Qazlal
Ru
Trog
Uskayaw
Wu Jian
Xom
Yredelemnul
Zin
The Shining One

Shops:
D:4 ?   D:6 *

Annotations:
D:6 2 transporters, DildoBatman's ghost, novice FoWz


Innate Abilities, Weirdness & Mutations

Your experience applies equally to all skills.
You have very sharp teeth.
Your uncanny sense of smell can sniff out nearby items.


Message History

Really abort (and waste the scroll)?
Okay, then.
The centaur shoots an arrow.
The arrow hits you!
* * * LOW HITPOINT WARNING * * *
The orc hits you with a +0 falchion.
* * * LOW HITPOINT WARNING * * *
The hippogriff is engulfed in blazing flames.
The skeletal warrior closely misses you.
The centaur shoots an arrow.
The arrow hits you!
* * * LOW HITPOINT WARNING * * *
The orc barely misses you.
The hippogriff is engulfed in blazing flames.
You kill the hippogriff!
Okawaru accepts your kill.
You see here 2 arrows.
It was a potion of curing.
You feel better.
The centaur unwields a +0 shortbow.
You block the centaur's attack. The orc hits you with a +0 falchion.
* * * LOW HITPOINT WARNING * * *
The skeletal warrior hits you with a +0 scimitar!
You die...

# #.# ...# #.....#
#.#.########.###.###.##
#####.#..............###...
........÷)...............##
.....#..#############...#
####....#.##.........#.## ∆
..#.#.##.##.###.###.#.#
#.#...#.####.#...#.##..
#.#..##.@z##.##.##.#....
#.#..###co.##.#†#.##?...#
#.#.##.H##§##.###.#......
#...##....####.#†##......
#####
##..##.##.c..##.#.#...h.h#
......#...#....##...##.##
#....##......##.##.#
####.#.#.#########.#
#..#.##.........##


You could see a skeletal warrior, a hippogriff, a centaur and an orc.

Vanquished Creatures
  A hippogriff (D:7)
  A hungry ghost (D:7)
  The ghost of Rocangus the Conjurer, an amateur DrCj (D:4)
  2 sky beasts
  An orc warrior (D:6)
  2 ice beasts
  2 necrophages
  An ogre (D:4)
  A phantom (D:6)
  2 centaurs
  A scorpion (D:7)
  A killer bee (D:7)
  2 howler monkeys
  2 bullfrog zombies
  An orc priest (D:6)
  A quasit (D:6)
  5 hounds
  4 jellies
  2 orc wizards (D:6)
  3 bullfrog skeletons
  Natasha (thrice) (D:2)
  2 iguanas
  8 worker ants
  A killer bee zombie (D:5)
  2 bullfrog simulacra (D:4)
  A worker ant zombie (D:6)
  3 gnolls (D:4)
  3 adders
  3 shadow imps
  A white imp (D:4)
  2 worker ant simulacra (D:4)
  4 oozes
  An adder skeleton (D:4)
  3 worms (D:2)
  2 dart slugs
  An adder simulacrum (D:4)
  3 leopard geckos
  23 orcs
  3 ball pythons
  3 giant cockroaches
  5 goblins
  5 hobgoblins
  3 bats
  4 frilled lizards
  A jackal skeleton (D:5)
  7 kobolds
  A quokka simulacrum (D:4)
  9 rats
143 creatures vanquished.

Vanquished Creatures (others)
  A dart slug (D:5)
  A jackal (D:5)
  A quokka (D:5)
3 creatures vanquished.

Grand Total: 146 creatures vanquished

Notes
Turn   | Place    | Note
-------+----------+-------------------------------------------
     0 | D:1      | FishyPogo the Gnoll Fire Elementalist began the quest for
                  | the Orb.
     0 | D:1      | Reached XP level 1. HP: 13/13 MP: 6/6
   109 | D:1      | Reached XP level 2. HP: 13/19 MP: 4/7
   665 | D:1      | Reached XP level 3. HP: 25/25 MP: 9/9
   784 | D:1      | Learned a level 2 spell: Throw Flame
   788 | D:1      | Learned a level 3 spell: Inner Flame
   792 | D:1      | Learned a level 3 spell: Conjure Flame
   869 | D:2      | Reached skill level 5 in Spellcasting
  1069 | D:2      | Reached skill level 1 in Fighting
  1069 | D:2      | Reached skill level 1 in Short Blades
  1069 | D:2      | Reached skill level 1 in Long Blades
  1069 | D:2      | Reached skill level 1 in Axes
  1069 | D:2      | Reached skill level 1 in Maces & Flails
  1069 | D:2      | Reached skill level 1 in Polearms
  1069 | D:2      | Reached skill level 1 in Staves
  1069 | D:2      | Reached skill level 1 in Slings
  1069 | D:2      | Reached skill level 1 in Bows
  1069 | D:2      | Reached skill level 1 in Crossbows
  1069 | D:2      | Reached skill level 1 in Throwing
  1069 | D:2      | Reached skill level 1 in Armour
  1069 | D:2      | Reached skill level 1 in Shields
  1069 | D:2      | Reached skill level 1 in Unarmed Combat
  1069 | D:2      | Reached skill level 1 in Invocations
  1069 | D:2      | Reached skill level 1 in Evocations
  1069 | D:2      | Reached XP level 4. HP: 32/32 MP: 1/11
  1230 | D:2      | Found a blossoming altar of Fedhas.
  1383 | D:2      | Noticed Natasha
  1388 | D:2      | Killed Natasha
  1388 | D:2      | Reached skill level 1 in Hexes
  1388 | D:2      | Reached skill level 1 in Charms
  1388 | D:2      | Reached skill level 1 in Summonings
  1388 | D:2      | Reached skill level 1 in Necromancy
  1388 | D:2      | Reached skill level 1 in Translocations
  1388 | D:2      | Reached skill level 1 in Transmutations
  1388 | D:2      | Reached skill level 1 in Ice Magic
  1388 | D:2      | Reached skill level 1 in Air Magic
  1388 | D:2      | Reached skill level 1 in Earth Magic
  1388 | D:2      | Reached skill level 1 in Poison Magic
  1483 | D:2      | Reached XP level 5. HP: 30/37 MP: 3/12
  1492 | D:2      | Learned a level 4 spell: Sticky Flame
  1609 | D:4      | Found a runed translucent gate.
  1609 | D:4      | Found a runed translucent gate.
  1609 | D:4      | Found a runed translucent gate.
  1637 | D:5      | Entered Level 5 of the Dungeon
  1703 | D:4      | Noticed an ogre
  1779 | D:5      | Found a staircase to the Ecumenical Temple.
  1785 | Temple   | Entered the Ecumenical Temple
  1906 | Temple   | Became a worshipper of Warmaster Okawaru
  1944 | D:4      | Killed an ogre
  1944 | D:4      | Reached XP level 6. HP: 25/44 MP: 3/14
  1962 | D:4      | Noticed Rocangus's ghost (amateur DrCj)
  1979 | D:4      | Reached skill level 5 in Dodging
  2003 | D:4      | Found Lump's Magic Scroll Boutique.
  2022 | D:4      | Bought a scroll of identify for 28 gold pieces
  2022 | D:4      | Bought a scroll of remove curse for 42 gold pieces
  2022 | D:4      | Bought a scroll of magic mapping for 49 gold pieces
  2034 | D:4      | Reached * piety under Okawaru
  2376 | D:3      | Reached XP level 7. HP: 25/50 MP: 10/15
  2680 | D:3      | HP: 2/51 [orc/exploding inner flame[the player character]
                  | (49)]
  2742 | D:3      | Learned a level 3 spell: Regeneration
  2948 | D:2      | Noticed Natasha
  2984 | D:2      | Killed Natasha
  3301 | D:2      | Noticed Natasha
  3304 | D:2      | Killed Natasha
  3492 | D:4      | Reached skill level 5 in Stealth
  3606 | D:4      | Reached ** piety under Okawaru
  3661 | D:4      | Reached XP level 8. HP: 57/57 MP: 14/16
  3864 | D:4      | Killed Rocangus's ghost
  4125 | D:5      | Found a sparkling altar of Nemelex Xobeh.
  4150 | D:5      | Found a glowing golden altar of the Shining One.
  4621 | D:5      | Found a shimmering altar of Xom.
  4784 | D:5      | Found an ancient bone altar of Kikubaaqudgha.
  4784 | D:5      | Found a shadowy altar of Dithmenos.
  5061 | D:6      | Reached *** piety under Okawaru
  5100 | D:6      | Reached XP level 9. HP: 53/65 MP: 11/18
  5116 | D:6      | Found a shattered altar of Ashenzari.
  5444 | D:6      | Found a hazy altar of Hepliaklqana.
  5538 | D:6      | Found a transporter.
  5542 | D:6      | Found a transporter.
  5555 | D:6      | Noticed DildoBatman's ghost (novice FoWz)
  5556 | D:6      | Noticed a hornet
  5562 | D:6      | Noticed a queen bee
  5659 | D:6      | Found Enwishuj's General Store.
  5926 | D:7      | Found a stormy altar of Qazlal.
  6148 | D:7      | Received a gift from Okawaru
  6225 | D:7      | Noticed a skeletal warrior
  6255 | D:7      | Mangled by a skeletal warrior

Levels and vault maps discovered:
D:1:      tarquinn_simple_flora_water_a, layout_loops_corners
D:2:      layout_loops_corners, nicolae_overflow_hidden_temple, first_ration,
          serial_forest, infiniplex_forest_clump_tiny,
          infiniplex_forest_clump_double, infiniplex_forest_end_2,
          infiniplex_forest_lined_corner, infiniplex_forest_lined_room_,
          kennysheep_generic_room_4, uniq_natasha
D:3:      layout_rooms, serial_curves, eino_curves_03, eino_curves_03,
          eino_curves_04, minivault_11, kennysheep_small_spiral,
          chequers_serial_rivers_small_3, palyth_stone_intersect
D:4:      layout_loops_cross, gammafunk_ghost_icy, serial_shops, shop_coins,
          kennysheep_another_room, minmay_tree_intersection
D:5:      layout_cave_pods, nemelex_xobeh_ov_fountains_minmay,
          gammafunk_temple_overflow_elements, tso_metal_star,
          xom_confusion_cloud, minmay_temple_entry_hall, grunt_tough_drop
D:6:      layout_loops_ring, marbit_many_paths, gammafunk_ghost_hive,
          serial_shops, nicolae_shop_temple_entry_statues_fountains,
          basic_altar, kennysheep_big_empty_room
D:7:      minmay_the_grid_triangle_9x9_rhombus_thin
          [minmay_the_grid_triangle_9x9_negative_grid,
          minmay_the_grid_triangle_9x9_prize_top_heavy,
          minmay_the_grid_triangle_9x9_windchime,
          minmay_the_grid_triangle_9x9_odd_lines], layout_loops_ring,
          lemuel_round_altar, amethyst_overflow_temple_binary,
          grunt_dithmenos_smoke_and_mirrors
Temple:   nicolae_temple_figure_zero

Skill      XL: |  1  2  3  4  5  6  7  8  9 |
---------------+----------------------------+-----
Conjurations   | 2 3 4 |  4.2
Spellcasting   | 5 6 |  6.7
Fighting       | 1 2 3 4 |  4.3
Short Blades   | 1 2 3 4 |  4.3
Long Blades    | 1 2 3 4 |  4.3
Axes           | 1 2 3 4 |  4.3
Maces & Flails | 1 2 3 4 |  4.3
Polearms       | 1 2 3 4 |  4.3
Staves         | 1 2 3 4 |  4.3
Slings         | 1 2 3 4 |  4.3
Bows           | 1 2 3 4 |  4.3
Crossbows      | 1 2 3 4 |  4.3
Throwing       | 1 2 3 4 |  4.3
Armour         | 1 2 3 4 |  4.3
Shields        | 1 2 3 4 |  4.3
Unarmed Combat | 1 2 3 4 |  4.3
Invocations    | 1 2 3 4 |  4.8
Evocations     | 1 2 3 4 |  4.3
Hexes          | 1 2 3 |  3.6
Charms         | 1 2 3 |  3.6
Summonings     | 1 2 3 |  3.6
Necromancy     | 1 2 3 |  3.6
Translocations | 1 2 3 |  3.6
Transmutations | 1 2 3 |  3.6
Ice Magic      | 1 2 3 |  3.6
Air Magic      | 1 2 3 |  3.6
Earth Magic    | 1 2 3 |  3.6
Poison Magic   | 1 2 3 |  3.6
Dodging        | 5 6 |  6.4
Stealth        | 5 6 |  6.1
Fire Magic     | 6 |  6.6

Action                   |  1- 3 |  4- 6 |  7- 9 || total
-------------------------+-------+-------+-------++-------
Melee: Unarmed           |     1 |       |       ||     1
       Dagger            |    13 |    18 |       ||    31
       Bite              |     1 |     2 |    14 ||    17
       Rapier            |       |    19 |    82 ||   101
       Whip              |       |       |    29 ||    29
Throw: Stone             |     3 |     3 |       ||     6
       Dart              |       |     4 |       ||     4
 Cast: Flame Tongue      |    19 |    46 |   109 ||   174
       Throw Flame       |     6 |    15 |    27 ||    48
       Conjure Flame     |       |     1 |     7 ||     8
       Sticky Flame      |       |     4 |    10 ||    14
       Inner Flame       |       |       |     9 ||     9
       Regeneration      |       |       |     3 ||     3
  Use: Scroll            |       |       |     1 ||     1
       Potion            |       |       |     1 ||     1
 Stab: Sleeping          |     4 |     2 |     7 ||    13
  Eat: Chunk             |       |     5 |    16 ||    21
Armor: Robe              |     1 |     2 |    16 ||    19
Dodge: Dodged            |     6 |    52 |    91 ||   149
Block: Buckler           |       |     3 |    39 ||    42
